 Dungeon Crawl Stone Soup version 0.31-a0-1370-gf52a5a9ab3 (webtiles) character file.

Game seed: 14725824048026249737

86 Laraso the Cudgeller (level 4, -12/48 HPs)
             Began as an Oni Cinder Acolyte on Dec 24, 2023.
             Was a High Priest of Ignis.
             Mangled by an ogre
             ... wielding a +0 giant club
              (19 damage)
             ... on level 4 of the Dungeon.
             The game lasted 00:02:23 (2595 turns).

Laraso the Cudgeller (Oni Cinder Acolyte)           Turns: 2595, Time: 00:02:23

Health: -12/48     AC:  5    Str: 18    XL:     4   Next: 50%
Magic:  1/7        EV:  9    Int: 17    God:    Ignis [*****.]
Gold:   209        SH:  0    Dex:  4    Spells: 6/8 levels left

rFire   + . .        a - +0 morningstar
rCold   . . .        (no shield)
rNeg    . . .        b - +0 robe
rPois   .            g - +1 hat
rElec   .            j - +0 cloak
rCorr   .            (gloves unavailable)
SInv    .            (boots unavailable)
Will    .....        (no amulet)
Stlth   +            (no ring)
HPRegen 0.28/turn    (no ring)
MPRegen 0.10/turn

%: no passive effects
@: no status effects
A: large, unfitting armour, horns 1, tough skin 1, double potion healing,
drunken brawling
a: Renounce Religion, Fiery Armour, Foxfire Swarm, Rising Flame


You were on level 4 of the Dungeon.
You worshipped Ignis.
Ignis was extremely pleased with you.
You visited 1 branch of the dungeon, and saw 4 of its levels.

You collected 209 gold pieces.

Inventory:

Hand Weapons
 a - a +0 morningstar (weapon)
Armour
 b - a +0 robe (worn)
 g - a +1 hat (worn)
 j - a +0 cloak (worn)
Wands
 p - a wand of polymorph (10)
Scrolls
 c - a scroll of enchant weapon
 d - 2 scrolls of fear {unknown}
 i - a scroll of enchant armour
 l - a scroll of revelation {unknown}
 n - a scroll of immolation {unknown}
 o - a scroll of blinking {unknown}
 q - a scroll of torment {unknown}
Potions
 e - a potion of curing {unknown}
 f - a potion of attraction {unknown}
 h - 2 potions of enlightenment {unknown}
 k - 2 potions of might {unknown}
 m - a potion of haste {unknown}


   Skills:
 - Level 4.0 Fighting
 * Level 4.4 Maces & Flails
 + Level 2.6 Spellcasting
 - Level 3.0 Fire Magic


You had 6 spell levels left.
You knew the following spells:

 Your Spells              Type           Power      Damage    Failure   Level
a - Scorch                Fire           24%        2d6       9%          2

Your spell library contained the following spells:

 Spells                   Type           Power      Damage    Failure   Level
 Apportation              Tloc           4%         N/A       19%         1
 Necrotise                Necr           8%         1d4       19%         1
 Sting                    Conj/Alch      8%         1d3       19%         1
 Summon Small Mammal      Summ           8%         N/A       19%         1
 Ensorcelled Hibernation  Hex/Ice        4%         N/A       28%         2
 Fugue of the Fallen      Necr           2%         N/A       50%         3
 Anguish                  Hex/Necr       1%         N/A       88%         4


Dungeon Overview and Level Annotations

Branches:
Dungeon (4/15)
 Temple: D:4-7

Altars:
Uskayaw
Zin


Innate Abilities, Weirdness & Mutations

You are too large for most types of armour.
You have a pair of small horns on your head.
You have tough skin. (AC +1)
You gain doubled healing and magic from potions.
Whenever you drink a healing potion, you attack all around you.


Message History

There is a stone staircase leading up here.
An ogre is nearby!
An ogre is nearby!
No target in view!
You miscast Scorch.
You are very lightly contaminated with residual magic.
Nothing appears to happen.
Flames lash the ogre.
The ogre is moderately wounded.
The ogre's fire resistance burns away.
You hear a shout!
Flames lash the ogre.
The ogre is burned terribly!
The ogre is heavily wounded.
You hear a shout!
A goblin comes into view. It is wielding a +0 club.
The ogre barely misses you.
You don't have enough magic to cast this spell.
You don't have enough magic to cast this spell.
The goblin shouts!
You hit the ogre.
The ogre is severely wounded.
You closely miss the ogre. Your headbutt misses the ogre.
The ogre is severely wounded.
The ogre hits you with a +0 giant club!!
Ouch! That really hurt!
You hit the ogre. You headbutt the ogre.
The ogre is almost dead.
The ogre closely misses you. The goblin hits you but does no damage.
You completely miss the ogre.
The ogre is almost dead.
The goblin hits you but does no damage. The ogre hits you with a +0 giant club!
* * * LOW HITPOINT WARNING * * *
An endoplasm comes into view.
The goblin barely misses you.
Your magical contamination has completely faded away.
You closely miss the ogre. Your headbutt misses the ogre.
The ogre is almost dead.
The goblin hits you but does no damage.
The ogre hits you with a +0 giant club!!
You die...

... ####..
..... ##...
....######
..###.......#
.J..........#
#.O@....#
#.g..<..#
#######.# #


You could see an ogre (combustible), an endoplasm and a goblin.

Vanquished Creatures
  2 adders (D:3)
  2 worms (D:2)
  A dart slug (D:1)
  4 orcs (D:3)
  6 ball pythons
  5 endoplasms
  7 giant cockroaches
  3 goblins
  3 hobgoblins
  2 jackals (D:1)
  6 kobolds
  2 quokkas (D:2)
  3 bats
  3 rats
49 creatures vanquished.

Notes
Turn   | Place    | Note
-------+----------+-------------------------------------------
     0 | D:1      | Laraso the Oni Cinder Acolyte began the quest for the Orb.
     0 | D:1      | Reached XP level 1. HP: 24/24 MP: 2/2
    68 | D:1      | Reached XP level 2. HP: 9/32 MP: 2/4
   556 | D:1      | Reached XP level 3. HP: 36/39 MP: 5/5
   559 | D:1      | Learned a level 2 spell: Scorch
   819 | D:2      | Found a hide-covered altar of Uskayaw.
  1776 | D:3      | Reached XP level 4. HP: 48/48 MP: 2/7
  1853 | D:3      | Found a faded altar of an unknown god.
  1886 | D:3      | Found a glowing silver altar of Zin.
  2585 | D:4      | Noticed an ogre
  2595 | D:4      | Mangled by an ogre

Illustrated notes

Levels and vault maps discovered:
D:1:      giann_horns, layout_basic, hex_intersection, minmay_splitting_lines,
          minmay_misc_feat_x
D:2:      layout_basic, basic_altar, palyth_stone_intersect
D:3:      layout_basic, zin_scriptorium, shapermc_ecumenical_altar_hornbeckon
D:4:      layout_basic, cheibrodos_sewer_entry_bend, uniq_edmund

Skill      XL: |  1  2  3 |
---------------+----------+-----
Fire Magic     | 3 |  3.0
Spellcasting   | 2 |  2.6
Maces & Flails | 4 |  4.4
Fighting       | |  4.0

Action                     |  1- 3 |  4- 6 || total
---------------------------+-------+-------++-------
  Melee: Mace              |    71 |     9 ||    80
         Headbutt          |     4 |     1 ||     5
         Morningstar       |       |     8 ||     8
   Cast: Scorch            |    16 |    14 ||    30
    Use: Scroll            |     2 |       ||     2
 Armour: Robe              |    55 |    19 ||    74
  Dodge: Dodged            |    43 |     6 ||    49

Table legend: (Time is in decaauts)
 A = Elapsed time spent in this place.
 B = Non-inter-level travel time spent in this place.
 C = Inter-level travel time spent in this place.
 D = Time resting spent in this place.
 E = Time spent auto-exploring this place.
 F = Levels seen in this place.
 G = Mean time per level.
                   A        B        C        D        E       F      G
               +--------+--------+--------+--------+--------+-----+--------+
         Total |   2613 |   2564 |     49 |    150 |   2089 |   4 |  653.2 |
       Dungeon |   2613 |   2564 |     49 |    150 |   2089 |   4 |  653.2 |
               +--------+--------+--------+--------+--------+-----+--------+

Top non-repeatable levels by time:
     D:3: 999 daAuts
     D:2: 843 daAuts
     D:1: 759 daAuts
     D:4: 11 daAuts
